Blackhawks vs Oilers

Created - den 8 januari 2015 at 17:48

Goals
1 2 3 T
Blackhawks 1 0 1 2
Oilers 0 0 1 1
Shots
1 2 3 T
Blackhawks 10 11 13 34
Oilers 10 8 4 22

1st period

1. Blackhawks , Anze Kopitar 12 (P.K. Subban, Chris Kreider) at 13:46

Penalties :
Corey Potter (CHI) for Cross-checking (Minor) at 3:54, P.K. Subban (CHI) for High sticking (Minor) at 7:33

2nd period

No Goal

Penalties :
No Penalty

3rd period

2. Blackhawks , P.K. Subban 7 (Gabriel Landeskog, Ryan McDonagh) at 10:48 (PP)
3. Oilers , Craig Smith 12 (Darren Helm, Derek Stepan) at 13:35

Penalties :
Andy Greene (EDM) for Slashing (Minor) at 2:48, Jan Hejda (EDM) for Holding (Minor) at 9:50, Jeff Petry (EDM) for Holding (Minor) at 15:13, Cody Franson (EDM) for Hooking (Minor) at 17:20

Goalie Stats

Tuukka Rask (CHI), 21 saves from 22 shots - (0,955), W, 20-8-2, 60:00 minutes
Henrik Lundqvist (EDM), 32 saves from 34 shots - (0,941), L, 23-10-3, 59:21 minutes

Players Stats for Blackhawks

Player Name              G  A  P  +/- PIM S  H  SB GA TA FO     MP     PP MP  PK MP  
------------------------------------------------------------------------------------
Alec Martinez            0  0  0   0  0   0  0  0  0  0  0/0    11:55   0:00   0:16 
Alexander Edler          0  0  0  -1  0   0  3  2  0  0  0/0    21:45   3:55   2:17 
Anze Kopitar             1  0  1   0  0   9  0  0  0  0  15/33  25:00   4:00   2:50 
Cedric Paquette          0  0  0   0  0   0  3  0  0  0  3/8     6:22   0:00   0:00 
Chris Kreider            0  1  1   0  0   1  2  0  0  0  1/1    17:30   0:00   0:00 
Corey Potter             0  0  0   0  2   1  2  0  0  0  0/0    11:38   0:00   0:00 
Erik Condra              0  0  0   0  0   1  0  0  0  0  1/1     6:22   0:00   0:00 
Gabriel Landeskog        0  1  1   0  0   5  1  2  0  0  2/5    21:05   2:55   0:00 
Lauri Korpikoski         0  0  0   0  0   3  1  0  0  0  3/11   16:16   4:00   2:34 
Marc Methot              0  0  0  -1  0   1  5  3  0  0  0/0    21:27   3:55   1:59 
Mason Raymond            0  0  0   0  0   1  1  0  0  0  2/2    12:03   0:24   1:57 
Nathan MacKinnon         0  0  0   0  0   0  0  0  0  0  0/0    17:48   2:55   0:00 
P.K. Subban              1  1  2   1  2   5  0  1  0  0  0/0    25:53   3:00   0:59 
Peter Regin              0  0  0   0  0   0  0  0  0  0  0/1     9:42   0:00   0:00 
Rob Klinkhammer          0  0  0   0  0   0  0  0  0  0  0/0     6:56   0:00   0:34 
Ryan McDonagh            0  1  1   1  0   3  1  3  0  0  0/0    27:20   3:00   2:25 
Taylor Hall              0  0  0   0  0   3  2  1  0  0  2/6    19:07   3:34   0:00 
Travis Zajac             0  0  0   0  0   1  0  0  0  0  14/25  17:51   2:57   0:01 

Players Stats for Oilers

Player Name              G  A  P  +/- PIM S  H  SB GA TA FO     MP     PP MP  PK MP  
------------------------------------------------------------------------------------
Andy Greene              0  0  0  -1  2   1  0  0  0  0  0/0    22:46   2:01   2:34 
Ben Smith                0  0  0   0  0   2  0  0  0  0  1/1     8:57   0:00   1:48 
Cody Franson             0  0  0   1  2   0  2  1  0  0  0/0    18:41   2:01   0:00 
Corey Perry              0  0  0   0  0   5  3  0  0  0  2/2    22:04   1:57   1:43 
Craig Smith              1  0  1   1  0   1  1  0  0  0  1/1    10:48   0:00   0:00 
Daniel Alfredsson        0  0  0  -1  0   2  0  0  0  0  0/3    15:45   2:01   0:18 
Darren Helm              0  1  1   1  0   3  0  0  0  0  9/21   13:11   0:00   3:03 
David Legwand            0  0  0  -1  0   0  0  1  0  0  12/22  15:27   2:01   0:00 
Derek Stepan             0  1  1   1  0   4  0  0  0  0  0/0    16:37   1:57   4:32 
Eric Staal               0  0  0   0  0   0  0  1  0  0  19/30  22:35   1:57   2:14 
Jan Hejda                0  0  0  -1  2   0  5  2  0  0  0/0    23:07   1:57   2:59 
Jeff Halpern             0  0  0   0  0   1  0  0  0  0  0/1     7:39   0:00   0:30 
Jeff Petry               0  0  0   1  2   0  3  0  0  0  0/0    18:13   0:00   2:13 
Joe Vitale               0  0  0   0  0   1  0  0  0  0  3/8     7:09   0:00   0:00 
Jonathan Ericsson        0  0  0   0  0   0  7  0  0  0  0/0    16:38   0:00   2:24 
Justin Abdelkader        0  0  0  -1  0   1  2  0  0  0  0/1    13:26   0:00   0:00 
Nick Foligno             0  0  0   0  0   0  8  0  0  0  3/3    19:45   2:01   0:00 
Paul Martin              0  0  0   0  0   1  0  1  0  0  0/0    20:13   1:57   3:22 

3 Stars

1 - Tuukka Rask (CHI)
2 - P.K. Subban (CHI)
3 - Craig Smith (EDM)

Power Play

Blackhawks - 1 on 4 Attempt(s) - 25,00%
Oilers - 0 on 2 Attempt(s) - 0,00%

Penalty Kill

Blackhawks - 2 on 2 Attempt(s) - 100,00% - Score 0 goal in Penalty Kill
Oilers - 3 on 4 Attempt(s) - 75,00% - Score 0 goal in Penalty Kill

Team Stat

Blackhawks - Hits : 21 - Faceoff Wins : 43 - Blocked Shots : 12 - Penalty Minutes : 4
Oilers - Hits : 31 - Faceoff Wins : 50 - Blocked Shots : 6 - Penalty Minutes : 8

Official

Referees : Ryan Hersey and Greg Kimmerly
Linesman : Steve Barton and Jack McCoy

Game Notes

No Game Note

Finance

Level 1 -- Attendance: 4464 (79,53%) -- Ticket Income 428.544 kr
Level 2 -- Attendance: 3676 (78,58%) -- Ticket Income 213.208 kr
Level 3 -- Attendance: 1491 (79,69%) -- Ticket Income 49.203 kr
Level 4 -- Attendance: 2689 (71,88%) -- Ticket Income 59.158 kr
Luxury Box -- Attendance: 936 (100,00%) -- Ticket Income 176.904 kr
Game was played at the Rexall Place'
Total Attendance: 13256 (78,72%)
Total Ticket Income: 927.017 kr
Other Income: 454.238 kr
Total Income: 1.381.255 kr

Blackhawks

5 vs 5 Forward 
   Center                   Left Wing                Right Wing               Time % Phy DF OF 
 1 Anze Kopitar             Chris Kreider            Gabriel Landeskog        40     0   3  2  
 2 Travis Zajac             Taylor Hall              Nathan MacKinnon         30     0   3  2  
 3 Lauri Korpikoski         Peter Regin              Mason Raymond            20     0   3  2  
 4 Cedric Paquette          Rob Klinkhammer          Erik Condra              10     0   5  0  

5 vs 5 Defense 
   Defense                  Defense                                           Time % Phy DF OF 
 1 Ryan McDonagh            P.K. Subban                                       40     1   2  2  
 2 Marc Methot              Alexander Edler                                   30     1   2  2  
 3 Alec Martinez            Corey Potter                                      20     1   2  2  
 4 Ryan McDonagh            P.K. Subban                                       10     1   2  2  

PowerPlay Forward 
   Center                   Left Wing                Right Wing               Time % Phy DF OF 
 1 Taylor Hall              Anze Kopitar             Lauri Korpikoski         60     0   1  4  
 2 Gabriel Landeskog        Nathan MacKinnon         Travis Zajac             40     0   1  4  

PowerPlay Defense
   Defense                  Defense                                           Time % Phy DF OF 
 1 Ryan McDonagh            P.K. Subban                                       60     0   2  3  
 2 Marc Methot              Alexander Edler                                   40     0   2  3  

Penalty Kill 4 Players Forward 
   Center                   Wing                     Time % Phy DF OF 
 1 Anze Kopitar             Lauri Korpikoski         60     0   5  0  
 2 Mason Raymond            Lauri Korpikoski         40     0   5  0  

Penalty Kill 4 Players Defense
   Defense                  Defense                  Time % Phy DF OF 
 1 P.K. Subban              Ryan McDonagh            60     0   4  1  
 2 Alexander Edler          Marc Methot              40     0   4  1  

Penalty Kill - 3 Players Forward 
   Forward                                           Time % Phy DF OF 
 1 Anze Kopitar                                      60     0   5  0  
 2 Travis Zajac                                      40     0   5  0  

Penalty Kill - 3 Players Defense
   Defense                  Defense                  Time % Phy DF OF 
 1 P.K. Subban              Ryan McDonagh            60     1   2  2  
 2 Corey Potter             Alec Martinez            40     1   2  2  

4 vs 4 Forward 
   Center                   Wing                     Time % Phy DF OF 
 1 Taylor Hall              Anze Kopitar             60     0   2  3  
 2 Lauri Korpikoski         Chris Kreider            40     0   2  3  

4 vs 4 Defense
   Defense                  Defense                  Time % Phy DF OF 
 1 Ryan McDonagh            P.K. Subban              60     1   2  2  
 2 Alec Martinez            Corey Potter             40     1   2  2  

Last Minutes Offensive
   Center                   Left Wing                Right Wing               Defense                  Defense                  
   Anze Kopitar             Taylor Hall              Gabriel Landeskog        Ryan McDonagh            P.K. Subban              

Last Minutes Defensive
   Center                   Left Wing                Right Wing               Defense                  Defense                  
   Anze Kopitar             Taylor Hall              Gabriel Landeskog        Ryan McDonagh            P.K. Subban              

Goaltenders
Starting : Tuukka Rask              
Backup : Anton Khudobin           

Extra Forwards
Normal : Anze Kopitar, Taylor Hall, Gabriel Landeskog - PP : Anze Kopitar, Taylor Hall - PK : Anze Kopitar
Extra Defensemen
Normal : P.K. Subban, Ryan McDonagh, Marc Methot - PP : P.K. Subban - PK : Alexander Edler, Ryan McDonagh
Penalty Shots
Anze Kopitar, Taylor Hall, Nathan MacKinnon, Gabriel Landeskog, Lauri Korpikoski

Oilers

5 vs 5 Forward 
   Center                   Left Wing                Right Wing               Time % Phy DF OF 
 1 Eric Staal               Nick Foligno             Corey Perry              40     1   2  2  
 2 David Legwand            Justin Abdelkader        Daniel Alfredsson        30     1   2  2  
 3 Darren Helm              Derek Stepan             Craig Smith              20     1   2  2  
 4 Joe Vitale               Ben Smith                Jeff Halpern             10     1   2  2  

5 vs 5 Defense 
   Defense                  Defense                                           Time % Phy DF OF 
 1 Andy Greene              Jan Hejda                                         40     1   2  2  
 2 Cody Franson             Jeff Petry                                        30     1   2  2  
 3 Paul Martin              Jonathan Ericsson                                 20     1   2  2  
 4 Cody Franson             Jeff Petry                                        10     1   2  2  

PowerPlay Forward 
   Center                   Left Wing                Right Wing               Time % Phy DF OF 
 1 Eric Staal               Derek Stepan             Corey Perry              60     1   2  2  
 2 David Legwand            Nick Foligno             Daniel Alfredsson        40     1   2  2  

PowerPlay Defense
   Defense                  Defense                                           Time % Phy DF OF 
 1 Andy Greene              Cody Franson                                      60     0   1  4  
 2 Paul Martin              Jan Hejda                                         40     0   1  4  

Penalty Kill 4 Players Forward 
   Center                   Wing                     Time % Phy DF OF 
 1 Darren Helm              Derek Stepan             60     0   4  1  
 2 Eric Staal               Ben Smith                40     0   4  1  

Penalty Kill 4 Players Defense
   Defense                  Defense                  Time % Phy DF OF 
 1 Andy Greene              Jan Hejda                60     1   4  0  
 2 Paul Martin              Jeff Petry               40     1   4  0  

Penalty Kill - 3 Players Forward 
   Forward                                           Time % Phy DF OF 
 1 Darren Helm                                       60     0   5  0  
 2 Derek Stepan                                      40     0   5  0  

Penalty Kill - 3 Players Defense
   Defense                  Defense                  Time % Phy DF OF 
 1 Andy Greene              Jan Hejda                60     0   5  0  
 2 Paul Martin              Jeff Petry               40     0   5  0  

4 vs 4 Forward 
   Center                   Wing                     Time % Phy DF OF 
 1 David Legwand            Daniel Alfredsson        60     1   2  2  
 2 Derek Stepan             Craig Smith              40     1   2  2  

4 vs 4 Defense
   Defense                  Defense                  Time % Phy DF OF 
 1 Paul Martin              Jonathan Ericsson        60     1   2  2  
 2 Cody Franson             Jeff Petry               40     1   2  2  

Last Minutes Offensive
   Center                   Left Wing                Right Wing               Defense                  Defense                  
   Eric Staal               Derek Stepan             Corey Perry              Cody Franson             Paul Martin              

Last Minutes Defensive
   Center                   Left Wing                Right Wing               Defense                  Defense                  
   Darren Helm              Derek Stepan             Ben Smith                Andy Greene              Jan Hejda                

Goaltenders
Starting : Henrik Lundqvist         
Backup : Jeff Zatkoff             

Extra Forwards
Normal : Derek Stepan, Craig Smith, Ben Smith - PP : Craig Smith, Daniel Alfredsson - PK : Corey Perry
Extra Defensemen
Normal : Cody Franson, Andy Greene, Jan Hejda - PP : Paul Martin - PK : Jonathan Ericsson, Jeff Petry
Penalty Shots
Corey Perry, Eric Staal, Craig Smith, Daniel Alfredsson, Derek Stepan

% Time on Ice - Blackhawks

Lines # - Real PCT - Wanted PCT - Time Play
Normal Forward
1 - 36% - 40% - 17:30
2 - 31% - 30% - 14:53
3 - 20% - 20% - 9:42
4 - 13% - 10% - 6:22
Normal Defense
1 - 39% - 40% - 19:08
2 - 32% - 30% - 15:33
3 - 24% - 20% - 11:39
4 - 4% - 10% - 2:07
PP Forward
1 - 58% - 60% - 4:00
2 - 42% - 40% - 2:55
PP Defense
1 - 43% - 60% - 3:00
2 - 57% - 40% - 3:55
PK Forward
1 - 72% - 60% - 2:51
2 - 28% - 40% - 1:07
PK Defense
1 - 61% - 60% - 2:25
2 - 39% - 40% - 1:33
PK3 Forward
1 - 0% - 60%
2 - 0% - 40%
PK3 Defense
1 - 0% - 60%
2 - 0% - 40%
44 Forward
1 - 0% - 60%
2 - 0% - 40%
44 Defense
1 - 0% - 60%
2 - 0% - 40%
Last Minute Offensive  - 0:00
Last Minute Defensive  - 0:40
Total
Forward - 60:00
Defense - 60:00

% Time on Ice - Oilers

Lines # - Real PCT - Wanted PCT - Time Play
Normal Forward
1 - 37% - 40% - 17:44
2 - 28% - 30% - 13:26
3 - 21% - 20% - 10:08
4 - 15% - 10% - 7:09
Normal Defense
1 - 38% - 40% - 18:12
2 - 28% - 30% - 13:24
3 - 29% - 20% - 14:14
4 - 5% - 10% - 2:37
PP Forward
1 - 49% - 60% - 1:57
2 - 51% - 40% - 2:01
PP Defense
1 - 51% - 60% - 2:01
2 - 49% - 40% - 1:57
PK Forward
1 - 74% - 60% - 5:07
2 - 26% - 40% - 1:48
PK Defense
1 - 57% - 60% - 3:57
2 - 43% - 40% - 2:58
PK3 Forward
1 - 0% - 60%
2 - 0% - 40%
PK3 Defense
1 - 0% - 60%
2 - 0% - 40%
44 Forward
1 - 0% - 60%
2 - 0% - 40%
44 Defense
1 - 0% - 60%
2 - 0% - 40%
Last Minute Offensive  - 0:40
Last Minute Defensive  - 0:00
Total
Forward - 60:00
Defense - 60:00

Play by Play

1st period


0:01 of 1st period - Nick Foligno wins face-off versus Anze Kopitar in neutral zone.
0:06 of 1st period - Shot by Corey Perry.
0:06 of 1st period - Stopped by Tuukka Rask without a rebound.
0:07 of 1st period - David Legwand wins face-off versus Travis Zajac in Blackhawks zone.
0:12 of 1st period - Shot by Justin Abdelkader.
0:12 of 1st period - Stopped by Tuukka Rask without a rebound.
0:13 of 1st period - Darren Helm wins face-off versus Peter Regin in Blackhawks zone.
0:19 of 1st period - Derek Stepan is hit by Corey Potter and loses puck.
0:28 of 1st period - Mason Raymond is hit by Craig Smith and loses puck.
1:06 of 1st period - Icing by Andy Greene.
1:07 of 1st period - Eric Staal wins face-off versus Anze Kopitar in Oilers zone.
1:19 of 1st period - Icing by Ryan McDonagh.
1:20 of 1st period - Anze Kopitar wins face-off versus David Legwand in Blackhawks zone.
1:29 of 1st period - Shot by P.K. Subban.
1:29 of 1st period - Stopped by Henrik Lundqvist without a rebound.
1:30 of 1st period - Travis Zajac wins face-off versus Joe Vitale in Oilers zone.
1:50 of 1st period - Ben Smith is hit by Marc Methot and loses puck.
1:54 of 1st period - Icing by Alexander Edler.
1:55 of 1st period - David Legwand wins face-off versus Travis Zajac in Blackhawks zone.
1:59 of 1st period - Icing by Marc Methot.
2:00 of 1st period - Eric Staal wins face-off versus Travis Zajac in Blackhawks zone.
2:13 of 1st period - Marc Methot is hit by Nick Foligno and loses puck.
2:18 of 1st period - Shot by Corey Perry.
2:18 of 1st period - Shot Blocked by Taylor Hall.
2:20 of 1st period - Shot by Nick Foligno.
2:20 of 1st period - Shot Misses the Net.
2:35 of 1st period - Corey Perry is hit by Alexander Edler and loses puck.
3:12 of 1st period - Shot by Gabriel Landeskog.
3:12 of 1st period - Shot Misses the Net.
3:24 of 1st period - P.K. Subban is hit by Justin Abdelkader and loses puck.
3:30 of 1st period - Icing by Gabriel Landeskog.
3:31 of 1st period - Anze Kopitar wins face-off versus Darren Helm in Blackhawks zone.
3:35 of 1st period - Off-side.
3:36 of 1st period - Cedric Paquette wins face-off versus Joe Vitale in neutral zone.
3:49 of 1st period - Joe Vitale is hit by Cedric Paquette and loses puck.
3:53 of 1st period - Paul Martin is hit by Corey Potter and loses puck.
3:54 of 1st period - Minor Penalty to Corey Potter for Cross-checking.
3:55 of 1st period - Anze Kopitar wins face-off versus Eric Staal in Blackhawks zone.
4:24 of 1st period - Shot by Derek Stepan.
4:24 of 1st period - Stopped by Tuukka Rask without a rebound.
4:25 of 1st period - Anze Kopitar wins face-off versus David Legwand in Blackhawks zone.
4:55 of 1st period - Cody Franson is hit by Marc Methot and loses puck.
5:36 of 1st period - Shot by Paul Martin.
5:36 of 1st period - Stopped by Tuukka Rask without a rebound.
5:37 of 1st period - Eric Staal wins face-off versus Anze Kopitar in Blackhawks zone.
5:48 of 1st period - Shot by Paul Martin.
5:48 of 1st period - Shot Misses the Net.
6:48 of 1st period - Shot by Derek Stepan.
6:48 of 1st period - Stopped by Tuukka Rask without a rebound.
6:49 of 1st period - Travis Zajac wins face-off versus Daniel Alfredsson in Blackhawks zone.
6:53 of 1st period - Ryan McDonagh is hit by Cody Franson and loses puck.
7:23 of 1st period - Icing by Taylor Hall.
7:24 of 1st period - Travis Zajac wins face-off versus Eric Staal in Blackhawks zone.
7:26 of 1st period - Nathan MacKinnon is hit by Nick Foligno and loses puck.
7:32 of 1st period - Icing by Ryan McDonagh.
7:33 of 1st period - Nick Foligno wins face-off versus Travis Zajac in Blackhawks zone.
7:33 of 1st period - Minor Penalty to P.K. Subban for High sticking.
7:34 of 1st period - Anze Kopitar wins face-off versus Eric Staal in Blackhawks zone.
8:36 of 1st period - Icing by Nick Foligno.
8:37 of 1st period - Mason Raymond wins face-off versus David Legwand in Oilers zone.
8:44 of 1st period - Shot by Lauri Korpikoski.
8:44 of 1st period - Stopped by Henrik Lundqvist without a rebound.
8:45 of 1st period - David Legwand wins face-off versus Anze Kopitar in Oilers zone.
9:44 of 1st period - Shot by Jeff Halpern.
9:44 of 1st period - Stopped by Tuukka Rask without a rebound.
9:45 of 1st period - Craig Smith wins face-off versus Travis Zajac in Blackhawks zone.
10:55 of 1st period - Shot by Chris Kreider.
10:55 of 1st period - Stopped by Henrik Lundqvist without a rebound.
10:56 of 1st period - Eric Staal wins face-off versus Cedric Paquette in Oilers zone.
10:58 of 1st period - Icing by Corey Perry.
10:59 of 1st period - Eric Staal wins face-off versus Lauri Korpikoski in Oilers zone.
11:45 of 1st period - P.K. Subban is hit by Corey Perry and loses puck.
12:25 of 1st period - Shot by Alec Martinez.
12:25 of 1st period - Shot Blocked by Jan Hejda.
12:29 of 1st period - Shot by Anze Kopitar.
12:29 of 1st period - Shot Misses the Net.
12:31 of 1st period - Shot by Gabriel Landeskog.
12:31 of 1st period - Stopped by Henrik Lundqvist without a rebound.
12:32 of 1st period - Darren Helm wins face-off versus Travis Zajac in Oilers zone.
12:32 of 1st period - Darren Helm is hit by Taylor Hall.
12:38 of 1st period - Shot by Darren Helm.
12:38 of 1st period - Stopped by Tuukka Rask without a rebound.
12:39 of 1st period - Travis Zajac wins face-off versus Darren Helm in Blackhawks zone.
12:43 of 1st period - Taylor Hall is hit by Jonathan Ericsson and loses puck.
13:03 of 1st period - Nathan MacKinnon is hit by Jonathan Ericsson and loses puck.
13:32 of 1st period - Shot by Gabriel Landeskog.
13:32 of 1st period - Stopped by Henrik Lundqvist without a rebound.
13:33 of 1st period - Chris Kreider wins face-off versus Daniel Alfredsson in Oilers zone.
13:42 of 1st period - Shot by Chris Kreider.
13:42 of 1st period - Shot Misses the Net.
13:46 of 1st period - Shot by Anze Kopitar.
13:46 of 1st period - Goal by Anze Kopitar - Blackhawks : 1 - Oilers : 0.
13:47 of 1st period - Lauri Korpikoski wins face-off versus Eric Staal in neutral zone.
13:55 of 1st period - Icing by Jeff Petry.
13:56 of 1st period - Eric Staal wins face-off versus Anze Kopitar in Oilers zone.
14:26 of 1st period - Shot by Anze Kopitar.
14:26 of 1st period - Stopped by Henrik Lundqvist with a rebound.
14:28 of 1st period - Shot by Anze Kopitar.
14:28 of 1st period - Stopped by Henrik Lundqvist without a rebound.
14:29 of 1st period - David Legwand wins face-off versus Lauri Korpikoski in Oilers zone.
14:36 of 1st period - Peter Regin is hit by Justin Abdelkader and loses puck.
14:51 of 1st period - Shot by Daniel Alfredsson.
14:51 of 1st period - Stopped by Tuukka Rask without a rebound.
14:52 of 1st period - Travis Zajac wins face-off versus Darren Helm in Blackhawks zone.
15:07 of 1st period - Shot by Craig Smith.
15:07 of 1st period - Shot Misses the Net.
15:09 of 1st period - Shot by Paul Martin.
15:09 of 1st period - Shot Blocked by Ryan McDonagh.
15:11 of 1st period - Shot by Derek Stepan.
15:11 of 1st period - Shot Misses the Net.
15:13 of 1st period - Shot by Derek Stepan.
15:13 of 1st period - Stopped by Tuukka Rask without a rebound.
15:14 of 1st period - Eric Staal wins face-off versus Anze Kopitar in Blackhawks zone.
15:36 of 1st period - Eric Staal is hit by Alexander Edler and loses puck.
15:58 of 1st period - Gabriel Landeskog is hit by Jan Hejda and loses puck.
16:16 of 1st period - Ryan McDonagh is hit by Jeff Petry and loses puck.
16:41 of 1st period - Shot by Justin Abdelkader.
16:41 of 1st period - Shot Misses the Net.
17:11 of 1st period - Shot by Travis Zajac.
17:11 of 1st period - Stopped by Henrik Lundqvist without a rebound.
17:12 of 1st period - Erik Condra wins face-off versus Darren Helm in Oilers zone.
17:42 of 1st period - Shot by Craig Smith.
17:42 of 1st period - Shot Blocked by Marc Methot.
17:44 of 1st period - Shot by Paul Martin.
17:44 of 1st period - Shot Blocked by Alexander Edler.
17:46 of 1st period - Shot by Darren Helm.
17:46 of 1st period - Shot Misses the Net.
18:26 of 1st period - Shot by Ben Smith.
18:26 of 1st period - Shot Misses the Net.
18:28 of 1st period - Shot by Jeff Halpern.
18:28 of 1st period - Shot Misses the Net.
18:30 of 1st period - Shot by Joe Vitale.
18:30 of 1st period - Stopped by Tuukka Rask without a rebound.
18:31 of 1st period - Anze Kopitar wins face-off versus Eric Staal in Blackhawks zone.
18:50 of 1st period - Shot by Anze Kopitar.
18:50 of 1st period - Stopped by Henrik Lundqvist without a rebound.
18:51 of 1st period - Travis Zajac wins face-off versus Justin Abdelkader in Oilers zone.
18:59 of 1st period - Icing by Jan Hejda.
19:00 of 1st period - Anze Kopitar wins face-off versus David Legwand in Oilers zone.
Goals for this period are 1 for Blackhawks vs 0 for Oilers.
Shots for this period are 10 for Blackhawks vs 10 for Oilers.

2nd period


0:01 of 2nd period - Eric Staal wins face-off versus Gabriel Landeskog in neutral zone.
0:08 of 2nd period - Shot by Corey Perry.
0:08 of 2nd period - Stopped by Tuukka Rask with a rebound.
0:24 of 2nd period - Shot by Gabriel Landeskog.
0:24 of 2nd period - Stopped by Henrik Lundqvist without a rebound.
0:25 of 2nd period - David Legwand wins face-off versus Lauri Korpikoski in Oilers zone.
0:48 of 2nd period - Icing by Alexander Edler.
0:49 of 2nd period - Eric Staal wins face-off versus Lauri Korpikoski in Blackhawks zone.
1:06 of 2nd period - Shot by Mason Raymond.
1:06 of 2nd period - Shot Misses the Net.
1:30 of 2nd period - Shot by Anze Kopitar.
1:30 of 2nd period - Shot Misses the Net.
1:32 of 2nd period - Shot by Anze Kopitar.
1:32 of 2nd period - Stopped by Henrik Lundqvist without a rebound.
1:33 of 2nd period - Travis Zajac wins face-off versus David Legwand in Oilers zone.
1:35 of 2nd period - Taylor Hall is hit by Jeff Petry and loses puck.
1:54 of 2nd period - Shot by Taylor Hall.
1:54 of 2nd period - Stopped by Henrik Lundqvist with a rebound.
1:56 of 2nd period - Shot by Alec Martinez.
1:56 of 2nd period - Shot Misses the Net.
1:58 of 2nd period - Shot by Corey Potter.
1:58 of 2nd period - Stopped by Henrik Lundqvist without a rebound.
1:59 of 2nd period - Darren Helm wins face-off versus Anze Kopitar in Oilers zone.
2:27 of 2nd period - Off-side.
2:28 of 2nd period - Travis Zajac wins face-off versus Eric Staal in neutral zone.
3:22 of 2nd period - Jeff Petry is hit by Taylor Hall and loses puck.
4:07 of 2nd period - Shot by Anze Kopitar.
4:07 of 2nd period - Stopped by Henrik Lundqvist with a rebound.
4:37 of 2nd period - Shot by Darren Helm.
4:37 of 2nd period - Stopped by Tuukka Rask with a rebound.
4:52 of 2nd period - Icing by Ben Smith.
4:53 of 2nd period - Joe Vitale wins face-off versus Lauri Korpikoski in Oilers zone.
5:12 of 2nd period - Shot by Ben Smith.
5:12 of 2nd period - Stopped by Tuukka Rask without a rebound.
5:13 of 2nd period - Eric Staal wins face-off versus Travis Zajac in Blackhawks zone.
5:18 of 2nd period - Shot by Corey Perry.
5:18 of 2nd period - Deflect By Eric Staal.
5:18 of 2nd period - Shot Hit the Post.
5:25 of 2nd period - Icing by Alexander Edler.
5:26 of 2nd period - David Legwand wins face-off versus Travis Zajac in Blackhawks zone.
5:26 of 2nd period - David Legwand is hit by Marc Methot.
5:52 of 2nd period - Shot by Daniel Alfredsson.
5:52 of 2nd period - Shot Hit the Post.
6:00 of 2nd period - Shot by Justin Abdelkader.
6:00 of 2nd period - Deflect By Daniel Alfredsson.
6:00 of 2nd period - Shot Misses the Net.
6:18 of 2nd period - Icing by Travis Zajac.
6:19 of 2nd period - Eric Staal wins face-off versus Travis Zajac in Blackhawks zone.
6:20 of 2nd period - Shot by Corey Perry.
6:20 of 2nd period - Deflect By Eric Staal.
6:20 of 2nd period - Shot Misses the Net.
6:38 of 2nd period - Mason Raymond is hit by Nick Foligno and loses puck.
7:13 of 2nd period - Mason Raymond is hit by Nick Foligno and loses puck.
7:25 of 2nd period - Icing by Jan Hejda.
7:26 of 2nd period - Anze Kopitar wins face-off versus Eric Staal in Oilers zone.
7:50 of 2nd period - Anze Kopitar is hit by Nick Foligno and loses puck.
8:16 of 2nd period - Icing by Gabriel Landeskog.
8:17 of 2nd period - David Legwand wins face-off versus Anze Kopitar in Blackhawks zone.
8:39 of 2nd period - Taylor Hall is hit by Jeff Petry and loses puck.
9:39 of 2nd period - Craig Smith is hit by Mason Raymond and loses puck.
9:55 of 2nd period - Derek Stepan is hit by Alexander Edler and loses puck.
10:07 of 2nd period - Icing by Darren Helm.
10:08 of 2nd period - Cedric Paquette wins face-off versus Darren Helm in Oilers zone.
10:50 of 2nd period - Off-side.
10:51 of 2nd period - David Legwand wins face-off versus Anze Kopitar in neutral zone.
10:53 of 2nd period - Off-side.
10:54 of 2nd period - Anze Kopitar wins face-off versus David Legwand in neutral zone.
11:52 of 2nd period - Off-side.
11:53 of 2nd period - Eric Staal wins face-off versus Lauri Korpikoski in neutral zone.
11:56 of 2nd period - Ryan McDonagh is hit by Nick Foligno and loses puck.
12:13 of 2nd period - Shot by Peter Regin.
12:13 of 2nd period - Shot Misses the Net.
12:15 of 2nd period - Shot by Ryan McDonagh.
12:15 of 2nd period - Shot Misses the Net.
12:24 of 2nd period - Mason Raymond is hit by Cody Franson and loses puck.
12:27 of 2nd period - Shot by Lauri Korpikoski.
12:27 of 2nd period - Stopped by Henrik Lundqvist without a rebound.
12:28 of 2nd period - Travis Zajac wins face-off versus Joe Vitale in Oilers zone.
12:36 of 2nd period - Icing by Jonathan Ericsson.
12:37 of 2nd period - Joe Vitale wins face-off versus Anze Kopitar in Oilers zone.
12:37 of 2nd period - Joe Vitale is hit by Chris Kreider.
13:03 of 2nd period - Shot by Ben Smith.
13:03 of 2nd period - Stopped by Tuukka Rask with a rebound.
13:08 of 2nd period - Icing by Marc Methot.
13:09 of 2nd period - Eric Staal wins face-off versus Anze Kopitar in Blackhawks zone.
13:09 of 2nd period - Corey Perry is hit by Marc Methot and loses puck.
13:26 of 2nd period - Shot by Gabriel Landeskog.
13:26 of 2nd period - Stopped by Henrik Lundqvist without a rebound.
13:27 of 2nd period - Travis Zajac wins face-off versus David Legwand in Oilers zone.
13:27 of 2nd period - Travis Zajac is hit by Jan Hejda.
13:44 of 2nd period - Taylor Hall is hit by Jan Hejda and loses puck.
13:55 of 2nd period - Shot by Justin Abdelkader.
13:55 of 2nd period - Shot Misses the Net.
14:42 of 2nd period - Shot by Mason Raymond.
14:42 of 2nd period - Deflect By Lauri Korpikoski.
14:42 of 2nd period - Shot Blocked by Eric Staal.
14:44 of 2nd period - Shot by Lauri Korpikoski.
14:44 of 2nd period - Shot Misses the Net.
14:46 of 2nd period - Shot by Lauri Korpikoski.
14:46 of 2nd period - Stopped by Henrik Lundqvist without a rebound.
14:47 of 2nd period - Darren Helm wins face-off versus Anze Kopitar in Oilers zone.
14:47 of 2nd period - Darren Helm is hit by Chris Kreider.
15:08 of 2nd period - Shot by Anze Kopitar.
15:08 of 2nd period - Stopped by Henrik Lundqvist with a rebound.
15:10 of 2nd period - Shot by Anze Kopitar.
15:10 of 2nd period - Stopped by Henrik Lundqvist without a rebound.
15:11 of 2nd period - Joe Vitale wins face-off versus Cedric Paquette in Oilers zone.
15:11 of 2nd period - Joe Vitale is hit by Cedric Paquette.
15:38 of 2nd period - Corey Potter is hit by Jan Hejda and loses puck.
15:50 of 2nd period - Icing by Jeff Halpern.
15:51 of 2nd period - Anze Kopitar wins face-off versus Joe Vitale in Oilers zone.
15:58 of 2nd period - Shot by Gabriel Landeskog.
15:58 of 2nd period - Shot Misses the Net.
16:09 of 2nd period - Icing by Chris Kreider.
16:10 of 2nd period - Eric Staal wins face-off versus Anze Kopitar in Blackhawks zone.
16:28 of 2nd period - Shot by Corey Perry.
16:28 of 2nd period - Stopped by Tuukka Rask without a rebound.
16:29 of 2nd period - Travis Zajac wins face-off versus David Legwand in Blackhawks zone.
16:44 of 2nd period - Off-side.
16:45 of 2nd period - Nick Foligno wins face-off versus Lauri Korpikoski in neutral zone.
16:48 of 2nd period - Shot by Corey Perry.
16:48 of 2nd period - Stopped by Tuukka Rask without a rebound.
16:49 of 2nd period - Eric Staal wins face-off versus Gabriel Landeskog in Blackhawks zone.
16:50 of 2nd period - Shot by Corey Perry.
16:50 of 2nd period - Stopped by Tuukka Rask without a rebound.
16:51 of 2nd period - Eric Staal wins face-off versus Anze Kopitar in Blackhawks zone.
17:08 of 2nd period - Shot by Anze Kopitar.
17:08 of 2nd period - Shot Misses the Net.
17:16 of 2nd period - Shot by Chris Kreider.
17:16 of 2nd period - Shot Blocked by Cody Franson.
17:18 of 2nd period - Shot by Ryan McDonagh.
17:18 of 2nd period - Stopped by Henrik Lundqvist without a rebound.
17:19 of 2nd period - Travis Zajac wins face-off versus David Legwand in Oilers zone.
17:39 of 2nd period - Shot by Nathan MacKinnon.
17:39 of 2nd period - Shot Blocked by David Legwand.
18:22 of 2nd period - Corey Perry is hit by Gabriel Landeskog and loses puck.
18:37 of 2nd period - Shot by Corey Perry.
18:37 of 2nd period - Shot Hit the Post.
18:44 of 2nd period - Anze Kopitar is hit by Nick Foligno and loses puck.
18:59 of 2nd period - Shot by Derek Stepan.
18:59 of 2nd period - Shot Blocked by Gabriel Landeskog.
19:01 of 2nd period - Shot by Paul Martin.
19:01 of 2nd period - Shot Misses the Net.
19:03 of 2nd period - Shot by Paul Martin.
19:03 of 2nd period - Shot Blocked by P.K. Subban.
19:05 of 2nd period - Shot by Darren Helm.
19:05 of 2nd period - Stopped by Tuukka Rask without a rebound.
19:06 of 2nd period - Ben Smith wins face-off versus Lauri Korpikoski in Blackhawks zone.
19:23 of 2nd period - Shot by Joe Vitale.
19:23 of 2nd period - Shot Misses the Net.
Goals for this period are 0 for Blackhawks vs 0 for Oilers.
Shots for this period are 11 for Blackhawks vs 8 for Oilers.

3rd period


0:01 of 3rd period - Anze Kopitar wins face-off versus Eric Staal in neutral zone.
0:01 of 3rd period - Gabriel Landeskog is hit by Corey Perry and loses puck.
0:11 of 3rd period - Gabriel Landeskog is hit by Nick Foligno and loses puck.
0:20 of 3rd period - Shot by Corey Perry.
0:20 of 3rd period - Shot Misses the Net.
0:34 of 3rd period - Shot by Corey Perry.
0:34 of 3rd period - Shot Misses the Net.
0:39 of 3rd period - Icing by Ryan McDonagh.
0:40 of 3rd period - David Legwand wins face-off versus Anze Kopitar in Blackhawks zone.
0:48 of 3rd period - David Legwand is hit by Ryan McDonagh and loses puck.
0:59 of 3rd period - Shot by Daniel Alfredsson.
0:59 of 3rd period - Shot Blocked by Gabriel Landeskog.
1:01 of 3rd period - Shot by Andy Greene.
1:01 of 3rd period - Stopped by Tuukka Rask without a rebound.
1:02 of 3rd period - Travis Zajac wins face-off versus Darren Helm in Blackhawks zone.
1:40 of 3rd period - Icing by Paul Martin.
1:41 of 3rd period - Lauri Korpikoski wins face-off versus Darren Helm in Oilers zone.
2:01 of 3rd period - Icing by Corey Potter.
2:02 of 3rd period - Lauri Korpikoski wins face-off versus Eric Staal in Blackhawks zone.
2:09 of 3rd period - Shot by Mason Raymond.
2:09 of 3rd period - Stopped by Henrik Lundqvist with a rebound.
2:15 of 3rd period - Shot by Lauri Korpikoski.
2:15 of 3rd period - Shot Misses the Net.
2:17 of 3rd period - Shot by Alec Martinez.
2:17 of 3rd period - Shot Misses the Net.
2:19 of 3rd period - Shot by Alec Martinez.
2:19 of 3rd period - Shot Blocked by Jan Hejda.
2:39 of 3rd period - Shot by Gabriel Landeskog.
2:39 of 3rd period - Shot Misses the Net.
2:48 of 3rd period - Minor Penalty to Andy Greene for Slashing.
2:49 of 3rd period - Darren Helm wins face-off versus Gabriel Landeskog in Oilers zone.
3:12 of 3rd period - Shot by Gabriel Landeskog.
3:12 of 3rd period - Shot Misses the Net.
3:14 of 3rd period - Shot by Marc Methot.
3:14 of 3rd period - Stopped by Henrik Lundqvist without a rebound.
3:15 of 3rd period - Corey Perry wins face-off versus Taylor Hall in Oilers zone.
3:28 of 3rd period - Shot by Taylor Hall.
3:28 of 3rd period - Stopped by Henrik Lundqvist without a rebound.
3:29 of 3rd period - Corey Perry wins face-off versus Taylor Hall in Oilers zone.
4:21 of 3rd period - Icing by Gabriel Landeskog.
4:22 of 3rd period - Gabriel Landeskog wins face-off versus Darren Helm in Blackhawks zone.
4:54 of 3rd period - Icing by Jeff Petry.
4:55 of 3rd period - David Legwand wins face-off versus Cedric Paquette in Oilers zone.
4:55 of 3rd period - David Legwand is hit by Cedric Paquette.
5:05 of 3rd period - Shot by Daniel Alfredsson.
5:05 of 3rd period - Stopped by Tuukka Rask without a rebound.
5:06 of 3rd period - Anze Kopitar wins face-off versus Eric Staal in Blackhawks zone.
6:23 of 3rd period - Shot by Taylor Hall.
6:23 of 3rd period - Shot Misses the Net.
6:25 of 3rd period - Shot by Travis Zajac.
6:25 of 3rd period - Shot Hit the Post.
7:45 of 3rd period - Off-side.
7:46 of 3rd period - Anze Kopitar wins face-off versus Darren Helm in neutral zone.
7:55 of 3rd period - Icing by Gabriel Landeskog.
7:56 of 3rd period - Anze Kopitar wins face-off versus Daniel Alfredsson in Blackhawks zone.
8:29 of 3rd period - Shot by Gabriel Landeskog.
8:29 of 3rd period - Deflect By Anze Kopitar.
8:29 of 3rd period - Stopped by Henrik Lundqvist without a rebound.
8:30 of 3rd period - Darren Helm wins face-off versus Travis Zajac in Oilers zone.
8:41 of 3rd period - Shot by Taylor Hall.
8:41 of 3rd period - Shot Misses the Net.
8:46 of 3rd period - Taylor Hall is hit by Jonathan Ericsson and loses puck.
8:52 of 3rd period - Nathan MacKinnon is hit by Jonathan Ericsson and loses puck.
9:49 of 3rd period - Shot by Mason Raymond.
9:49 of 3rd period - Shot Misses the Net.
9:50 of 3rd period - Minor Penalty to Jan Hejda for Holding.
9:51 of 3rd period - Taylor Hall wins face-off versus Jeff Halpern in Oilers zone.
10:46 of 3rd period - Shot by Gabriel Landeskog.
10:46 of 3rd period - Stopped by Henrik Lundqvist with a rebound.
10:48 of 3rd period - Shot by P.K. Subban.
10:48 of 3rd period - Goal by P.K. Subban - Blackhawks : 2 - Oilers : 0.
10:49 of 3rd period - David Legwand wins face-off versus Cedric Paquette in neutral zone.
11:10 of 3rd period - Shot by Erik Condra.
11:10 of 3rd period - Stopped by Henrik Lundqvist without a rebound.
11:11 of 3rd period - Anze Kopitar wins face-off versus Joe Vitale in Oilers zone.
11:17 of 3rd period - Anze Kopitar is hit by Jonathan Ericsson and loses puck.
11:29 of 3rd period - Anze Kopitar is hit by Jonathan Ericsson and loses puck.
12:03 of 3rd period - Icing by P.K. Subban.
12:04 of 3rd period - Cedric Paquette wins face-off versus Eric Staal in Blackhawks zone.
12:08 of 3rd period - Icing by Rob Klinkhammer.
12:09 of 3rd period - Eric Staal wins face-off versus Cedric Paquette in Blackhawks zone.
12:56 of 3rd period - Off-side.
12:57 of 3rd period - David Legwand wins face-off versus Anze Kopitar in neutral zone.
13:05 of 3rd period - Icing by Marc Methot.
13:06 of 3rd period - Darren Helm wins face-off versus Anze Kopitar in Blackhawks zone.
13:07 of 3rd period - Shot by Derek Stepan.
13:07 of 3rd period - Stopped by Tuukka Rask with a rebound.
13:09 of 3rd period - Shot by Derek Stepan.
13:09 of 3rd period - Shot Blocked by Alexander Edler.
13:17 of 3rd period - Shot by Craig Smith.
13:17 of 3rd period - Shot Misses the Net.
13:19 of 3rd period - Shot by Darren Helm.
13:19 of 3rd period - Shot Misses the Net.
13:21 of 3rd period - Shot by Derek Stepan.
13:21 of 3rd period - Shot Misses the Net.
13:23 of 3rd period - Shot by Darren Helm.
13:23 of 3rd period - Shot Blocked by Marc Methot.
13:35 of 3rd period - Shot by Craig Smith.
13:35 of 3rd period - Goal by Craig Smith - Blackhawks : 2 - Oilers : 1.
13:36 of 3rd period - Travis Zajac wins face-off versus David Legwand in neutral zone.
14:56 of 3rd period - Off-side.
14:57 of 3rd period - Darren Helm wins face-off versus Anze Kopitar in neutral zone.
15:13 of 3rd period - Minor Penalty to Jeff Petry for Holding.
15:14 of 3rd period - Darren Helm wins face-off versus Travis Zajac in Oilers zone.
15:49 of 3rd period - Shot by Darren Helm.
15:49 of 3rd period - Shot Blocked by Marc Methot.
16:28 of 3rd period - Gabriel Landeskog is hit by Jan Hejda and loses puck.
16:31 of 3rd period - Shot by Ryan McDonagh.
16:31 of 3rd period - Stopped by Henrik Lundqvist without a rebound.
16:32 of 3rd period - Taylor Hall wins face-off versus Darren Helm in Oilers zone.
16:37 of 3rd period - Shot by Ryan McDonagh.
16:37 of 3rd period - Shot Misses the Net.
16:39 of 3rd period - Shot by P.K. Subban.
16:39 of 3rd period - Stopped by Henrik Lundqvist without a rebound.
16:40 of 3rd period - Mason Raymond wins face-off versus Darren Helm in Oilers zone.
16:48 of 3rd period - Mason Raymond is hit by Jonathan Ericsson and loses puck.
16:51 of 3rd period - Shot by Mason Raymond.
16:51 of 3rd period - Shot Blocked by Paul Martin.
16:53 of 3rd period - Shot by P.K. Subban.
16:53 of 3rd period - Stopped by Henrik Lundqvist with a rebound.
16:55 of 3rd period - Shot by Gabriel Landeskog.
16:55 of 3rd period - Shot Misses the Net.
16:57 of 3rd period - Shot by Ryan McDonagh.
16:57 of 3rd period - Shot Misses the Net.
16:59 of 3rd period - Shot by Ryan McDonagh.
16:59 of 3rd period - Stopped by Henrik Lundqvist with a rebound.
17:01 of 3rd period - Shot by P.K. Subban.
17:01 of 3rd period - Shot Misses the Net.
17:03 of 3rd period - Shot by P.K. Subban.
17:03 of 3rd period - Stopped by Henrik Lundqvist without a rebound.
17:04 of 3rd period - Eric Staal wins face-off versus Taylor Hall in Oilers zone.
17:20 of 3rd period - Minor Penalty to Cody Franson for Hooking.
17:21 of 3rd period - Eric Staal wins face-off versus Taylor Hall in Oilers zone.
17:21 of 3rd period - Andy Greene is hit by Lauri Korpikoski and loses puck.
17:41 of 3rd period - Shot by Taylor Hall.
17:41 of 3rd period - Stopped by Henrik Lundqvist without a rebound.
17:42 of 3rd period - Gabriel Landeskog wins face-off versus Darren Helm in Oilers zone.
18:43 of 3rd period - Marc Methot is hit by Corey Perry and loses puck.
18:49 of 3rd period - Corey Perry is hit by Marc Methot and loses puck.
19:21 of 3rd period - Oilers, Henrik Lundqvist is pulled from the net.
19:57 of 3rd period - Shot by Craig Smith.
19:57 of 3rd period - Shot Blocked by Ryan McDonagh.
19:59 of 3rd period - Shot by Corey Perry.
19:59 of 3rd period - Shot Blocked by Ryan McDonagh.
Goals for this period are 1 for Blackhawks vs 1 for Oilers.
Shots for this period are 13 for Blackhawks vs 4 for Oilers.


Output by the SimonT Hockey Simulator (STHS) for Mathias Vaigur -- Original Page W3C XHTML 1.0 Valid
Hockey Simulator - Hockey Simulation - Hockey Manager